AoeStats
← no one

Arena

504768641Analyzed
1v1 RM · 27d ago on Sep 6, 2026· 25m 49s· 2 players
Game mode
Random Map
Map size
Tiny (2 player)
Population
200
Speed
Normal
Resources
Standard
Victory
Conquest
Starting age
Dark Age
Ending age
Imperial Age
RankedLock teamsTeams togetherTeam positionsShared explorationLock speedFull tech treeHidden civsTurbo modeCheats
Victory
Defeat
🇷🇴 Vietnamese · Romania
1575
+17
🇦🇷 Teutons · Argentina
1586
-17
Leto Apor
10:16 Feudal Age
10:23 Loom
11:18 Double-Bit Axe
15:06 Wheelbarrow
16:37 Fletching
22:56 Castle Age
23:35 Bodkin Arrow
23:01 Crossbowman
24:40 Padded Archer Armor
no one
6:28 Loom
9:12 Feudal Age
13:37 Horse Collar
14:15 Fletching
17:48 Double-Bit Axe
19:33 Stone Mining
21:09 Wheelbarrow
27:27 Castle Age
Connection lost

Rejoining the realm…

Still unreachable

The connection could not be restored.

Session expired

The server has moved on; the page needs a fresh start.